 Dungeon Crawl Stone Soup version 0.29.1-13-g9f3cf754e1 (webtiles) character file.

Game seed: 17216475657022276839

99 Thatpatchoflichen the Trooper (level 4, -2/48 HPs)
             Began as an Ogre Fighter on Jan 31, 2023.
             Slain by Pargi (3 damage)
             ... on level 3 of the Dungeon.
             The game lasted 00:05:32 (2700 turns).

Thatpatchoflichen the Trooper (Ogre Fighter)        Turns: 2700, Time: 00:05:32

Health: -2/48      AC:  4    Str: 20    XL:     4   Next: 72%
Magic:  4/4        EV:  9    Int:  9    God:
Gold:   30         SH:  8    Dex: 10    Spells: 3/3 levels left

rFire   . . .      SeeInvis +   p - +1 scimitar (vamp)
rCold   . . .      Faith    .   c - +0 kite shield
rNeg    . . .      Spirit   .   b - +0 robe
rPois   .          Reflect  .   (helmet restricted)
rElec   .          Harm     .   e - +0 cloak
rCorr   .          Rampage  .   (gloves unavailable)
Will    +....                   (boots unavailable)
Stlth   +.........              (no amulet)
HPRegen 0.16/turn               o - ring of see invisible
MPRegen 0.09/turn               l - ring of willpower

@: no status effects
A: large, unfitting armour, tough skin 1
a: no special abilities


You were on level 3 of the Dungeon.
You visited 1 branch of the dungeon, and saw 4 of its levels.

You collected 220 gold pieces.
You spent 190 gold pieces at shops.

Inventory:

Hand Weapons
 a - a +0 long sword
 p - a +1 vampiric scimitar (weapon)
Missiles
 s - 6 curare-tipped darts (quivered)
Armour
 b - a +0 robe (worn)
 c - a +0 kite shield (worn)
 e - a +0 cloak (worn)
 h - a +0 kite shield
Jewellery
 j - a +6 ring of intelligence
 l - a ring of willpower (right hand)
 o - a ring of see invisible (left hand)
Scrolls
 f - a scroll of brand weapon {unknown}
 g - 3 scrolls of identify {unknown}
 i - 2 scrolls of enchant armour {unknown}
 k - 2 scrolls of teleportation {unknown}
 m - a scroll of noise {unknown}
 r - a scroll of fear {unknown}
Potions
 d - a potion of might
 n - a potion of heal wounds {unknown}
 q - a potion of degeneration {unknown}


   Skills:
 - Level 4.0 Fighting
 + Level 2.4 Long Blades
 + Level 3.7 Dodging
 + Level 4.0 Shields


You had 3 spell levels left.
You didn't know any spells.
Your spell library contained the following spells:

 Spells                   Type           Power      Damage    Failure   Level
 Summon Small Mammal      Summ           0%         N/A       67%         1
 Call Canine Familiar     Summ           0%         N/A       95%         3
 Summon Guardian Golem    Hex/Summ       0%         N/A       95%         3


Dungeon Overview and Level Annotations

Branches:
Dungeon (4/15)
 Temple: D:4-7

Altars:
Nemelex Xobeh
Sif Muna

Shops:
D:3 (

Annotations:
D:3 Pargi


Innate Abilities, Weirdness & Mutations

You are too large for most types of armour.
You have tough skin. (AC +1)


Message History

Pargi bites you. Pargi claws you but does no damage. Pargi claws you.
You barely miss Pargi.
Pargi is moderately wounded.
Pargi barely misses you. You block Pargi's attack. Pargi completely misses you.
You block Pargi's attack. Pargi claws you but does no damage. Pargi claws you.
You closely miss Pargi.
Pargi is lightly wounded.
Pargi barely misses you. Pargi claws you.
* * * LOW HITPOINT WARNING * * *
Pargi completely misses you.
You barely miss Pargi.
Pargi is lightly wounded.
Pargi bites you.
* * * LOW HITPOINT WARNING * * *
Pargi closely misses you. Pargi claws you.
* * * LOW HITPOINT WARNING * * *
Pargi bites you.
* * * LOW HITPOINT WARNING * * *
Pargi claws you but does no damage. x2
You hit Pargi.
Pargi is lightly wounded.
You block Pargi's attack. Pargi barely misses you. Pargi closely misses you.
You slash Pargi!
You feel better.
Pargi is moderately wounded.
You block Pargi's attack. Pargi claws you.
* * * LOW HITPOINT WARNING * * *
Pargi claws you.
* * * LOW HITPOINT WARNING * * *
Pargi completely misses you. Pargi claws you.
* * * LOW HITPOINT WARNING * * *
Pargi claws you.
* * * LOW HITPOINT WARNING * * *
You closely miss Pargi.
Pargi is moderately wounded.
You block Pargi's attack. Pargi claws you but does no damage.
You block Pargi's attack.
You barely miss Pargi.
Pargi is moderately wounded.
Pargi bites you.
You die...

...##########.#.#.#.#...........#
#....))........<..)...)..........
##....#######.###.P.PP....#.#..#.
#####..#### #.....P...P####....#.
#.........# ######......########.
#......##.### #..P...P..........
#......##..รท####.#.PPPP##########
#......####...##T###..## #
#......# ###.##@###.### # ########
#..).......# # #..........# #
#...(......# # #..#.####### #
##.#.# # #.#.# # #...# #...
#####..# #..##


You could see Pargi.

Vanquished Creatures
  A howler monkey (D:4)
  2 dart slugs
  An orc (D:3)
  5 ball pythons
  8 bats
  3 endoplasms
  2 giant cockroaches (D:2)
  6 hobgoblins (D:1)
  3 jackals (D:2)
  5 quokkas
  A frilled lizard (D:3)
  5 goblins
  3 kobolds
  5 rats
50 creatures vanquished.

Vanquished Creatures (others)
  A fungus (D:3)
  4 toadstools (D:3)
5 creatures vanquished.

Grand Total: 55 creatures vanquished

Notes
Turn   | Place    | Note
-------+----------+-------------------------------------------
     0 | D:1      | Thatpatchoflichen the Ogre Fighter began the quest for the
                  | Orb.
     0 | D:1      | Reached XP level 1. HP: 24/24 MP: 1/1
   186 | D:1      | Reached XP level 2. HP: 23/32 MP: 2/2
  1005 | D:2      | Reached XP level 3. HP: 37/39 MP: 3/3
  1103 | D:2      | Found a faded altar of an unknown god.
  1225 | D:2      | You fall into a shaft and drop 1 floor!
  1919 | D:3      | Found Utongooff's Weapon Shop.
  1927 | D:3      | Bought a +1 vampiric scimitar for 190 gold pieces
  2022 | D:3      | Found a sparkling altar of Nemelex Xobeh.
  2548 | D:3      | Noticed Pargi
  2577 | D:4      | Reached XP level 4. HP: 46/48 MP: 4/4
  2615 | D:4      | Found a shimmering blue altar of Sif Muna.
  2637 | D:4      | Noticed a scorpion
  2696 | D:3      | HP: 1/48 [Pargi (6)]
  2700 | D:3      | Slain by Pargi

Illustrated notes

Levels and vault maps discovered:
D:1:      wander_arrival_estate, layout_rooms, minmay_misc_feat_four_crosses,
          moated_statue, hangedman_decor_clover_reticule, hex_large
D:2:      layout_loops_ring, ebering_ecumenical_altar_petrified
D:3:      layout_basic, lemuel_crystal_altar, serial_shops, shop,
          minmay_gold_behind_fungi, minmay_misc_feat_five, uniq_pargi
D:4:      layout_layer_cave, nicolae_overflow_crystal_walls,
          nzn_wu_jian_council_hall, mainiacjoe_overflow_alcove_3,
          xom_butterflies, serial_glass, glass_columns_a, glass_columns_c

Skill      XL: |  1  2  3 |
---------------+----------+-----
Long Blades    | 2 |  2.4
Dodging        | 3 |  3.7
Shields        | 4 |  4.0
Fighting       | |  4.0

Action                   |  1- 3 |  4- 6 || total
-------------------------+-------+-------++-------
Melee: Long sword        |   106 |       ||   106
       Scimitar          |    21 |    21 ||    42
 Stab: Sleeping          |     1 |       ||     1
Armor: Robe              |    95 |    19 ||   114
Dodge: Dodged            |    95 |    17 ||   112
Block: Kite shield       |    88 |    18 ||   106
